 Dungeon Crawl Stone Soup version 0.29.1-15-g9cfb28693d (webtiles) character file.

Game seed: 11949541774643059287

5317 Eitelfritz the Carver (level 10, -2/88 HPs)
             Began as a Minotaur Gladiator on Apr 28, 2023.
             Was a Believer of Dithmenos.
             Slain by a yak (11 damage)
             ... on level 8 of the Dungeon.
             The game lasted 00:19:38 (8873 turns).

Eitelfritz the Carver (Minotaur Gladiator)          Turns: 8873, Time: 00:19:39

Health: -2/88      AC: 15    Str: 21    XL:     10   Next: 38%
Magic:  9/9        EV: 12    Int:  7    God:    Dithmenos [**....]
Gold:   93         SH:  0    Dex: 12    Spells: 9/9 levels left

rFire   . . .      SeeInvis +   a - +2 long sword (elec)
rCold   . . .      Faith    .   (no shield)
rNeg    + . .      Spirit   .   G - +1 scale mail {rN+}
rPois   .          Reflect  .   c - +1 hat
rElec   .          Harm     .   q - +0 cloak
rCorr   .          Rampage  +   (no gloves)
Will    .....                   P - +2 pair of boots {rampage}
Stlth   ..........              y - amulet of the acrobat
HPRegen 0.24/turn               k - ring of see invisible
MPRegen 0.11/turn               (no ring)

@: wreathed by umbra
A: horns 2, retaliatory headbutt
a: Renounce Religion, Shadow Step


You were on level 8 of the Dungeon.
You worshipped Dithmenos.
Dithmenos was pleased with you.
You visited 2 branches of the dungeon, and saw 9 of its levels.
You also visited: Ossuary.

You collected 620 gold pieces.
You spent 527 gold pieces at shops.

Inventory:

Hand Weapons
 a - a +2 long sword of electrocution (weapon)
 b - a +0 shortbow
 l - a +0 great sword
 v - a +0 scimitar
 F - a +0 hand axe of flaming
Missiles
 d - 2 throwing nets (quivered)
 e - a javelin
 L - 3 boomerangs of dispersal
 M - 6 atropa-tipped darts
Armour
 c - a +1 hat (worn)
 q - a +0 cloak (worn)
 D - +0 steam dragon scales
 G - a +1 scale mail of positive energy (worn)
 P - a +2 pair of boots of rampaging (worn)
Jewellery
 k - a ring of see invisible (left hand)
 y - an amulet of the acrobat (around neck)
 C - a +6 ring of dexterity
 E - a ring of protection from cold
Wands
 n - a wand of charming (6)
 x - a wand of mindburst (17)
 H - a wand of flame (28)
 K - a wand of iceblast (11)
 N - a wand of quicksilver (10)
Scrolls
 h - 3 scrolls of blinking
 z - a scroll of fear
 A - 6 scrolls of teleportation
 B - 3 scrolls of poison
 I - a scroll of magic mapping
 O - a scroll of amnesia
 Q - 4 scrolls of identify
Potions
 g - 5 potions of curing
 i - a potion of berserk rage
 j - 2 potions of magic
 m - a potion of degeneration {unknown}
 o - 3 potions of flight
 p - a potion of lignification
 r - 3 potions of ambrosia
 s - a potion of invisibility {unknown}
 t - 2 potions of might
 u - a potion of haste
 w - 3 potions of brilliance {unknown}
 J - 3 potions of attraction {unknown}


   Skills:
 + Level 8.3 Fighting
 + Level 12.8 Long Blades
 + Level 1.5 Ranged Weapons
 + Level 2.5 Throwing
 + Level 8.8 Armour
 + Level 6.1 Dodging
 + Level 1.3 Stealth


You had 9 spell levels left.
You didn't know any spells.
Your spell library contained the following spells:

 Spells                   Type           Power      Damage    Failure   Level
 Foxfire                  Conj/Fire      0%         2x1d4     73%         1
 Ensorcelled Hibernation  Hex/Ice        0%         N/A       86%         2
 Passwall                 Tmut/Erth      0%         N/A       86%         2
 Conjure Flame            Conj/Fire      0%         6-21      97%         3
 Inner Flame              Hex/Fire       0%         N/A       97%         3
 Swiftness                Air            0%         N/A       97%         3
 Flame Wave               Conj/Fire      0%         2d4       100%        4
 Fulminant Prism          Conj/Hex       0%         3d6       100%        4
 Iskenderun's Mystic Bla  Conj/Tloc      0%         2d3       100%        4
 Petrify                  Tmut/Erth      0%         N/A       100%        4
 Lee's Rapid Deconstruct  Erth           0%         3d5*      100%        5
 Metabolic Englaciation   Hex/Ice        0%         N/A       100%        5
 Statue Form              Tmut/Erth      0%         N/A       100%        6


Dungeon Overview and Level Annotations

Branches:
Dungeon (8/15)             Temple (1/1) D:5         Ossuary (visited)
   Lair: D:8-11

Altars:
Ashenzari
Cheibriados
Dithmenos
Elyvilon
Fedhas
Gozag
Hepliaklqana
Kikubaaqudgha
Makhleb
Nemelex Xobeh
Okawaru
Qazlal
Ru
Sif Muna
Trog
Uskayaw
Vehumet
Wu Jian
Xom
Yredelemnul
Zin
The Shining One

Shops:
D:4 ?   D:6 *   D:7 [(!**

Portals:
Abyss: D:8

Annotations:
D:7 2 transporters
D:8 2 transporters, kalagan's ghost, novice DECj


Innate Abilities, Weirdness & Mutations

You have a pair of horns on your head.
You reflexively headbutt those who attack you in melee.


Message History

The yak is heavily wounded.
You feel much better. The yak gores you. x2
The yak gores you but does no damage. x2
You hit the yak. Lightning courses through the yak!
You kill the yak!
Dithmenos accepts your kill. The yak gores you but does no damage.
The yak gores you. The yak misses you.
You slash the yak! Lightning courses through the yak! You headbutt the yak.
The yak is severely wounded.
The yak gores you but does no damage. x2; The yak gores you.
* * * LOW HITPOINT WARNING * * *
You barely miss the yak.
The yak is severely wounded.
The yak closely misses you. You furiously retaliate!
You headbutt the yak. The yak gores you.
* * * LOW HITPOINT WARNING * * *
The yak gores you but does no damage.
You hit the yak. Lightning courses through the yak!!
You kill the yak!
Dithmenos accepts your kill.
You hit the yak.
The yak is lightly wounded.
The yak gores you!
* * * LOW HITPOINT WARNING * * *
The yak barely misses you. You furiously retaliate!
You headbutt the yak. You barely miss the yak. Your headbutt misses the yak.
The yak is moderately wounded.
The yak gores you.
* * * LOW HITPOINT WARNING * * *
The yak gores you but does no damage.
You feel better. The yak closely misses you. You furiously retaliate!
You headbutt the yak, but do no damage. The yak gores you.
* * * LOW HITPOINT WARNING * * *
You barely miss the yak. You headbutt the yak.
The yak is moderately wounded.
The yak gores you!
* * * LOW HITPOINT WARNING * * *
The yak barely misses you.
You feel better. The yak gores you!
You die...

....##......##...#..#.##
.......................#
.......................#
.......................#
.......####............#
........###.##>........#
........##..##.........#.###
#......###.†.†...........
#$##..#### #.Y@Y...........
.. #..# #####......#.... #.
##†)####### #.Y##.#...... .
##.).......#..$.)..##.....
#.##...)...............
.....
.$#.....#######.....#####...
..###........##.....# Y. #
.∩##........# ..#
##.^:#..###.#.#


You could see 2 yaks.

Vanquished Creatures
  Pikel (D:4)
  A hornet (D:7)
  Sigmund (D:4)
  14 yaks
  A steam dragon (D:7)
  A water moccasin (D:6)
  2 ice beasts (D:6)
  A black bear (D:6)
  A sky beast (D:7)
  3 ogres
  A centaur (D:6)
  A phantom (D:4)
  2 lemures
  An elf zombie (Ossuary)
  4 necrophages
  A scorpion (D:4)
  3 wights (D:7)
  A howler monkey (D:6)
  2 jellies
  5 hounds
  A human zombie (Ossuary)
  An orc priest (D:3)
  2 centaur zombies (Ossuary)
  A gnoll bouda (D:8)
  Jessica (D:3)
  An iguana (D:5)
  Natasha (twice) (D:2)
  5 orc wizards
  2 mummies (Ossuary)
  6 gnolls
  12 adders
  2 shadow imps (D:6)
  A white imp (D:8)
  An ufetubus (D:5)
  A worm (D:3)
  4 dart slugs
  17 orcs
  A bat (D:1)
  8 endoplasms
  4 giant cockroaches
  5 goblins
  8 hobgoblins
  12 kobolds
  3 quokkas
  11 ball pythons
  6 frilled lizards
  2 goblin zombies (Ossuary)
  12 hobgoblin zombies (Ossuary)
  2 jackal zombies (Ossuary)
  8 kobold zombies (Ossuary)
  7 orc zombies (Ossuary)
  6 rats
  2 rat zombies (Ossuary)
204 creatures vanquished.

Vanquished Creatures (others)
  7 plants (D:2)
7 creatures vanquished.

Grand Total: 211 creatures vanquished

Notes
Turn   | Place    | Note
-------+----------+-------------------------------------------
     0 | D:1      | Eitelfritz the Minotaur Gladiator began the quest for the
                  | Orb.
     0 | D:1      | Reached XP level 1. HP: 18/18 MP: 0/0
    95 | D:1      | Reached skill level 4 in Long Blades
    99 | D:1      | Reached XP level 2. HP: 15/25 MP: 1/1
   807 | D:1      | Reached XP level 3. HP: 29/30 MP: 2/2
  1357 | D:2      | Reached skill level 1 in Armour
  1553 | D:2      | Noticed Natasha
  1559 | D:2      | Killed Natasha
  1560 | D:2      | Reached skill level 5 in Long Blades
  1560 | D:2      | Reached XP level 4. HP: 30/37 MP: 3/3
  1845 | D:2      | Found a faded altar of an unknown god.
  1892 | D:2      | Noticed Natasha
  1906 | D:2      | Killed Natasha
  1907 | D:2      | Reached XP level 5. HP: 40/45 MP: 4/4
  1956 | D:2      | Identified the +1 leather armour "Kizijyskulo" {rC- Regen+
                  | SInv}
  2130 | D:3      | Noticed Jessica
  2134 | D:3      | Killed Jessica
  2258 | D:3      | Reached skill level 6 in Long Blades
  2584 | D:3      | Reached XP level 6. HP: 51/51 MP: 5/5
  2592 | D:3      | Found a bloodstained altar of Trog.
  2592 | D:3      | Found a shimmering altar of Xom.
  2601 | D:3      | Found an opulent altar of Gozag.
  2603 | D:3      | Found a burning altar of Makhleb.
  2695 | D:3      | You fall into a shaft and drop 1 floor!
  2742 | D:4      | Found Ostruohomo's Magic Scroll Shoppe.
  2752 | D:4      | Bought a scroll of fear for 44 gold pieces
  2752 | D:4      | Bought a scroll of identify for 22 gold pieces
  2752 | D:4      | Bought a scroll of identify for 22 gold pieces
  2752 | D:4      | Bought a scroll of teleportation for 33 gold pieces
  2752 | D:4      | Bought a scroll of poison for 44 gold pieces
  3283 | D:3      | Found a sacrificial altar of Ru.
  3285 | D:3      | Found a basalt altar of Yredelemnul.
  3303 | D:3      | Found a sparkling altar of Nemelex Xobeh.
  3521 | D:4      | Noticed Pikel
  3953 | D:4      | Noticed Sigmund
  3969 | D:4      | Killed Sigmund
  3970 | D:4      | Reached skill level 7 in Long Blades
  3970 | D:4      | Reached XP level 7. HP: 19/59 MP: 6/6
  4206 | D:4      | Reached skill level 5 in Armour
  4613 | D:4      | Killed Pikel
  4614 | D:4      | Reached skill level 5 in Fighting
  4614 | D:4      | Reached skill level 8 in Long Blades
  4614 | D:4      | Reached XP level 8. HP: 68/68 MP: 7/7
  4658 | D:5      | Entered Level 5 of the Dungeon
  4738 | D:5      | Reached skill level 1 in Stealth
  4741 | D:5      | Reached skill level 9 in Long Blades
  5368 | D:5      | Reached XP level 9. HP: 75/75 MP: 8/8
  5430 | D:5      | Found a staircase to the Ecumenical Temple.
  5452 | Temple   | Entered the Ecumenical Temple
  5758 | Temple   | Became a worshipper of Dithmenos the Shadowed
  5880 | D:5      | Reached skill level 10 in Long Blades
  6194 | D:6      | Found Xomumm's General Store.
  6253 | D:6      | Found a sand-covered staircase.
  6355 | D:6      | Reached skill level 5 in Dodging
  6438 | Ossuary  | Entered an ossuary
  6481 | Ossuary  | Reached * piety under Dithmenos
  6584 | Ossuary  | Reached ** piety under Dithmenos
  6786 | D:6      | Reached skill level 11 in Long Blades
  7277 | D:6      | Found a shimmering blue altar of Sif Muna.
  7568 | D:7      | Found Anauphes's Weapon Emporium.
  7720 | D:7      | Found Rolaewk's General Store.
  7729 | D:7      | Bought a scroll of enchant armour for 82 gold pieces
  7729 | D:7      | Bought a +2 pair of boots of rampaging for 236 gold pieces
  7781 | D:7      | Found Zooral's Assorted Antiques.
  7919 | D:7      | Found a transporter.
  7940 | D:7      | Found a transporter.
  8015 | D:7      | Reached skill level 12 in Long Blades
  8067 | D:7      | Found Ciemesux's Armour Boutique.
  8252 | D:7      | Found Kiezol's Distillery.
  8255 | D:7      | Bought a potion of might for 44 gold pieces
  8304 | D:8      | Found a transporter.
  8398 | D:8      | Found a transporter.
  8415 | D:8      | Reached XP level 10. HP: 88/88 MP: 9/9
  8584 | D:8      | Found a one-way gate to the infinite horrors of the Abyss.
  8584 | D:8      | Noticed kalagan's ghost (novice DECj)
  8598 | D:8      | Identified the +2 falchion of the Four Lies {vorpal, Str+3}
  8614 | D:8      | Reached skill level 1 in Ranged Weapons
  8853 | D:8      | HP: 4/88 [yak (12)]
  8861 | D:8      | HP: 3/88 [yak (7)]
  8872 | D:8      | HP: 4/88 [yak (8)]
  8873 | D:8      | Slain by a yak

Illustrated notes

Levels and vault maps discovered:
D:1:      dpeg_arrival_three_smaller_balls, layout_basic
D:2:      layout_basic, shapermc_ecumenical_altar_acropolis, uniq_natasha
D:3:      layout_rooms, nicolae_overflow_hallway_of_the_gods,
          minmay_divided_ellipse, uniq_jessica
D:4:      layout_basic, serial_shops, nicolae_shop_crystal, serial_glass,
          glass_columns_b, glass_columns_a, minmay_strange_pillars,
          uniq_sigmund, uniq_pikel
D:5:      layout_gridville, minmay_temple_entry_tees
D:6:      layout_basic, kennysheep_little_box,
          nicolae_ossuary_entry_false_entrances, serial_shops, shop_coins
D:7:      gammafunk_steamed_eel, layout_basic, serial_shops,
          nicolae_take_the_stairs, shop_statue, shop, kennysheep_mini,
          nicolae_shop_window_shopping
D:8:      layout_rooms, lair_entry_dummy, gammafunk_ghost_abyssal_escape
Temple:   minmay_temple_curvy_branch

Skill      XL: |  1  2  3  4  5  6  7  8  9 10 |
---------------+-------------------------------+-----
Long Blades    | 4 5 6 7 8 9 12 | 12.8
Armour         | 1 2 3 4 6 7 8 |  8.8
Fighting       | 3 4 5 6 7 8 |  8.3
Dodging        | 4 5 6 |  6.1
Stealth        | 1 |  1.3
Ranged Weapons | 1 |  1.5
Throwing       | |  2.5

Action                   |  1- 3 |  4- 6 |  7- 9 | 10-12 || total
-------------------------+-------+-------+-------+-------++-------
Melee: Long sword        |    84 |   133 |   233 |    74 ||   524
       Headbutt          |    12 |    14 |    56 |    16 ||    98
       Punch             |       |     2 |       |     1 ||     3
 Fire: Shortbow          |       |       |     9 |       ||     9
Throw: Throwing net      |       |     1 |     2 |       ||     3
  Use: Scroll            |       |     9 |     8 |       ||    17
       Potion            |       |       |     1 |     6 ||     7
Armor: Leather armour    |    17 |     2 |       |       ||    19
       Ring mail         |       |    52 |    24 |       ||    76
       Scale mail        |       |       |    38 |    32 ||    70
Dodge: Dodged            |    63 |   100 |   125 |    56 ||   344
